Harfangs vs Knights
(R1)
Created - May 24, 2020 at 20:34
Goals
|
Harfangs |
0 |
0 |
2 |
2 |
Knights |
1 |
2 |
1 |
4 |
|
Shots
|
Harfangs |
6 |
8 |
6 |
20 |
Knights |
13 |
8 |
13 |
34 |
|
1st period
1. Knights , Dwight King 3 (Ryan Strome 3) at 5:40
Penalties :
Jordan Martinook (Lon) for Holding (Minor) at 13:43
2nd period
2. Knights , Nikolaj Ehlers 5 (Brendan Gaunce 3, Linden Vey 1) at 19:16
3. Knights , Josh Bailey 4 (Noel Acciari 9) at 19:44 (PP)
Penalties :
Michael Bournival (BEA) for Boarding (Minor) at 0:11, Dylan Olsen (BEA) for Hooking (Minor) at 8:06, Ryan Strome (Lon) for Hooking (Minor) at 14:08, Reid McNeill (BEA) for Tripping (Minor) at 19:40
3rd period
4. Harfangs , Dylan Olsen 3 (Brandon McMillan 9, Calle Jarnkrok 6) at 9:25
5. Harfangs , Ryan Hartman 4 (Calle Jarnkrok 7) at 18:02 (PP)
6. Knights , Vince Hinostroza 3 (Noel Acciari 10, Jordan Martinook 1) at 19:48 (Empty Net)
Penalties :
Ludwig Bystrom (Lon) for High sticking (Minor) at 5:20, Michael Matheson (Lon) for Tripping (Minor) at 11:39, Ryan Strome (Lon) for Hooking (Minor) at 17:59
Goalie Stats
Anton Forsberg (BEA), 30 saves from 33 shots - (0.909), L, 1-1-1, 58:57 minutes
Elvis Merzlikins (Lon), 18 saves from 20 shots - (0.900), W, 4-1-0, 60:00 minutes
Players Stats for Harfangs
Player Name G A P +/- PIM S H SB GA TA FO MP PP MP PK MP
------------------------------------------------------------------------------------
Blake Heinrich 0 0 0 -1 0 0 1 0 0 0 0/0 3:15 0:00 0:00
Brandon McMillan 0 1 1 1 0 2 2 1 1 1 0/0 15:12 3:25 0:19
Calle Jarnkrok 0 2 2 1 0 2 1 1 0 0 6/9 17:01 3:25 1:28
Devon Teows 0 0 0 -1 0 0 1 1 1 0 0/0 14:23 0:00 1:31
Dylan Olsen 1 0 1 0 2 3 4 1 1 2 0/0 27:44 5:24 1:07
Erik Nystrom 0 0 0 0 0 1 0 2 1 0 0/0 11:28 0:00 1:10
Jake Dotchin 0 0 0 -1 0 2 3 0 0 2 0/0 25:06 2:35 1:28
Lucas Wallmarkk 0 0 0 0 0 1 1 0 0 0 1/5 9:58 0:00 0:00
Mark Alt 0 0 0 -1 0 0 2 5 1 1 0/0 22:23 2:35 0:56
Michael Bournival 0 0 0 -3 2 5 1 1 0 0 0/1 22:09 4:34 1:11
Morgan Klimchuk 0 0 0 0 0 0 0 0 0 0 1/1 11:00 0:00 1:02
Nick Shore 0 0 0 0 0 0 0 0 0 0 3/6 10:08 0:00 0:00
Nick Sorensen 0 0 0 0 0 0 0 0 0 0 0/0 9:58 0:00 0:00
Reid McNeill 0 0 0 0 2 0 2 1 0 0 0/0 25:22 5:24 3:02
Ryan Hartman 1 0 1 1 0 3 3 0 1 0 0/0 14:53 3:25 0:00
Sven Andrighetto 0 0 0 0 0 0 3 0 0 0 0/1 10:24 0:00 0:00
Tyler Brenner 0 0 0 -3 0 0 1 0 0 1 5/21 21:15 4:34 0:44
Tyler Randell 0 0 0 -3 0 1 4 1 0 0 4/8 24:16 4:34 2:10
Players Stats for Knights
Player Name G A P +/- PIM S H SB GA TA FO MP PP MP PK MP
------------------------------------------------------------------------------------
Brendan Gaunce 0 1 1 1 0 4 0 0 0 0 6/8 11:07 0:00 0:00
Collin Miller 0 0 0 0 0 0 2 1 0 0 0/0 18:23 1:58 0:10
Dwight King 1 0 1 1 0 7 1 0 0 0 6/7 20:44 1:54 4:28
Jaccob Slavin 0 0 0 0 0 4 2 1 2 0 0/0 26:43 1:58 3:20
Jordan Martinook 0 1 1 0 2 2 6 0 0 0 1/1 16:08 0:00 3:06
Josh Bailey 1 0 1 -1 0 4 2 0 0 0 0/0 16:54 2:08 2:20
Linden Vey 0 1 1 1 0 0 1 1 0 2 0/0 13:10 1:54 0:00
Ludwig Bystrom 0 0 0 2 2 2 0 1 0 0 0/0 11:38 0:00 0:40
Michael Matheson 0 0 0 3 2 0 3 1 1 1 0/0 18:26 0:00 2:36
Miro Aaltonen 0 0 0 -1 0 1 2 1 1 0 5/11 12:01 0:00 0:00
Nathan Walker 0 0 0 0 0 3 1 0 0 0 1/1 9:07 0:00 0:09
Nicolas Petan 0 0 0 0 0 0 0 0 0 0 1/3 8:58 0:00 0:00
Nikolaj Ehlers 1 0 1 1 0 1 0 0 0 0 0/0 14:57 2:08 1:40
Noel Acciari 0 2 2 2 0 2 0 0 1 1 11/20 20:07 2:08 2:29
Olli Maatta 0 0 0 -1 0 0 2 0 0 1 0/0 20:46 2:04 4:33
Ryan Strome 0 1 1 1 4 1 2 0 0 1 1/1 15:51 1:54 0:00
Tomas Kundratek 0 0 0 0 0 1 1 3 1 0 0/0 24:43 2:04 4:39
Vince Hinostroza 1 0 1 1 0 2 2 0 1 0 0/0 12:13 0:00 1:46
3 Stars
1 - Noel Acciari (Lon)
2 - Vince Hinostroza (Lon)
3 - Dwight King (Lon)
Power Play
Harfangs - 1 on 5 Attempt(s) - 20.00%
Knights - 1 on 3 Attempt(s) - 33.33%
Penalty Kill
Harfangs - 2 on 3 Attempt(s) - 66.67%
- Score 0 goal in Penalty Kill
Knights - 4 on 5 Attempt(s) - 80.00%
- Score 0 goal in Penalty Kill
Team Stat
Harfangs - Hits : 29 - Faceoff Wins : 20 - Blocked Shots : 14 - Penalty Minutes : 6
Knights - Hits : 27 - Faceoff Wins : 32 - Blocked Shots : 9 - Penalty Minutes : 10
Official
Referees : Unknown
Linesman : Unknown
Game Notes
Blake Heinrich is injured at 13:05 of 1st period (Sprained Right Knee)
Vince Hinostroza has scored in a empty net!
Finance
Level 1 -- Attendance: 2000 (100.00%) -- Ticket Income $70,000
Level 2 -- Attendance: 949 (94.90%) -- Ticket Income $18,980
Total Attendance: 2949 (98.30%)
Total Ticket Income: $88,980
Other Income: $4,449
Total Income: $93,429
Harfangs
5 vs 5 Forward
Center Left Wing Right Wing Time % Phy DF OF
1 Tyler Brenner Michael Bournival Tyler Randell 40 1 2 2
2 Calle Jarnkrok Brandon McMillan Ryan Hartman 30 1 2 2
3 Nick Shore Erik Nystrom Sven Andrighetto 20 1 2 2
4 Lucas Wallmarkk Morgan Klimchuk Nick Sorensen 10 1 2 2
5 vs 5 Defense
Defense Defense Time % Phy DF OF
1 Dylan Olsen Reid McNeill 40 1 2 2
2 Jake Dotchin Mark Alt 30 1 2 2
3 Blake Heinrich Devon Teows 20 1 2 2
4 Dylan Olsen Reid McNeill 10 1 2 2
PowerPlay Forward
Center Left Wing Right Wing Time % Phy DF OF
1 Tyler Brenner Michael Bournival Tyler Randell 60 1 2 2
2 Calle Jarnkrok Brandon McMillan Ryan Hartman 40 1 2 2
PowerPlay Defense
Defense Defense Time % Phy DF OF
1 Dylan Olsen Reid McNeill 60 1 2 2
2 Jake Dotchin Mark Alt 40 1 2 2
Penalty Kill 4 Players Forward
Center Wing Time % Phy DF OF
1 Tyler Randell Michael Bournival 60 1 2 2
2 Tyler Brenner Calle Jarnkrok 40 1 2 2
Penalty Kill 4 Players Defense
Defense Defense Time % Phy DF OF
1 Dylan Olsen Reid McNeill 60 1 2 2
2 Jake Dotchin Mark Alt 40 1 2 2
Penalty Kill - 3 Players Forward
Forward Time % Phy DF OF
1 Tyler Randell 60 1 2 2
2 Michael Bournival 40 1 2 2
Penalty Kill - 3 Players Defense
Defense Defense Time % Phy DF OF
1 Dylan Olsen Reid McNeill 60 1 2 2
2 Jake Dotchin Mark Alt 40 1 2 2
4 vs 4 Forward
Center Wing Time % Phy DF OF
1 Tyler Randell Michael Bournival 60 1 2 2
2 Tyler Brenner Calle Jarnkrok 40 1 2 2
4 vs 4 Defense
Defense Defense Time % Phy DF OF
1 Dylan Olsen Reid McNeill 60 1 2 2
2 Jake Dotchin Mark Alt 40 1 2 2
Last Minutes Offensive
Center Left Wing Right Wing Defense Defense
Tyler Brenner Michael Bournival Tyler Randell Dylan Olsen Reid McNeill
Last Minutes Defensive
Center Left Wing Right Wing Defense Defense
Tyler Brenner Michael Bournival Tyler Randell Dylan Olsen Reid McNeill
Goaltenders
Starting : Anton Forsberg
Backup : Ilya Sorokin
Extra Forwards
Normal : Sven Andrighetto, Nick Shore, Erik Nystrom - PP : Sven Andrighetto, Nick Shore - PK : Erik Nystrom
Extra Defensemen
Normal : Blake Heinrich, Devon Teows, Jake Dotchin - PP : Blake Heinrich - PK : Devon Teows, Jake Dotchin
Penalty Shots
Tyler Randell, Michael Bournival, Tyler Brenner, Calle Jarnkrok, Brandon McMillan
Scratches
Cristoval Nieves (Healthy), JC Lipon (Healthy), Brenden Kichton (Healthy), Laurent Dauphin (Healthy), Brendan Leipsic (Healthy)
Rinat Valiev (Healthy), Justin Kirkland (Healthy), Anthony Angello (Healthy), Jason Kasdorf (Healthy), Scott Wedgewood (Healthy)
Zachary Fucale (Healthy)
Knights
5 vs 5 Forward
Center Left Wing Right Wing Time % Phy DF OF
1 Noel Acciari Dwight King Ryan Strome 40 1 2 2
2 Miro Aaltonen Jordan Martinook Josh Bailey 30 1 2 2
3 Brendan Gaunce Nikolaj Ehlers Linden Vey 20 1 2 2
4 Nicolas Petan Nathan Walker Vince Hinostroza 10 1 2 2
5 vs 5 Defense
Defense Defense Time % Phy DF OF
1 Jaccob Slavin Tomas Kundratek 40 1 2 2
2 Collin Miller Olli Maatta 30 1 2 2
3 Michael Matheson Ludwig Bystrom 18 1 2 2
4 Michael Matheson Jaccob Slavin 12 1 2 2
PowerPlay Forward
Center Left Wing Right Wing Time % Phy DF OF
1 Noel Acciari Nikolaj Ehlers Josh Bailey 60 0 1 4
2 Ryan Strome Dwight King Linden Vey 40 0 1 4
PowerPlay Defense
Defense Defense Time % Phy DF OF
1 Collin Miller Jaccob Slavin 60 0 1 4
2 Olli Maatta Tomas Kundratek 40 0 1 4
Penalty Kill 4 Players Forward
Center Wing Time % Phy DF OF
1 Dwight King Jordan Martinook 60 1 3 1
2 Noel Acciari Vince Hinostroza 40 1 3 1
Penalty Kill 4 Players Defense
Defense Defense Time % Phy DF OF
1 Tomas Kundratek Olli Maatta 60 1 3 1
2 Jaccob Slavin Michael Matheson 40 1 3 1
Penalty Kill - 3 Players Forward
Forward Time % Phy DF OF
1 Noel Acciari 60 0 4 1
2 Vince Hinostroza 40 0 4 1
Penalty Kill - 3 Players Defense
Defense Defense Time % Phy DF OF
1 Jaccob Slavin Tomas Kundratek 60 1 3 1
2 Michael Matheson Olli Maatta 40 1 3 1
4 vs 4 Forward
Center Wing Time % Phy DF OF
1 Noel Acciari Josh Bailey 60 1 2 2
2 Ryan Strome Dwight King 40 1 2 2
4 vs 4 Defense
Defense Defense Time % Phy DF OF
1 Tomas Kundratek Jaccob Slavin 60 1 2 2
2 Michael Matheson Collin Miller 40 1 2 2
Last Minutes Offensive
Center Left Wing Right Wing Defense Defense
Noel Acciari Dwight King Josh Bailey Tomas Kundratek Jaccob Slavin
Last Minutes Defensive
Center Left Wing Right Wing Defense Defense
Noel Acciari Jordan Martinook Vince Hinostroza Jaccob Slavin Tomas Kundratek
Goaltenders
Starting : Elvis Merzlikins
Backup : Magnus Hellberg
Extra Forwards
Normal : Jordan Martinook, Linden Vey, Dwight King - PP : Linden Vey, Jordan Martinook - PK : Josh Bailey
Extra Defensemen
Normal : Tomas Kundratek, Michael Matheson, Collin Miller - PP : Michael Matheson - PK : Ludwig Bystrom, Michael Matheson
Penalty Shots
Noel Acciari, Miro Aaltonen, Ryan Strome, Linden Vey, Dwight King
Scratches
Zach Nastasiuk (Healthy), Nicklas Jensen (Healthy), Alan Quine (Healthy), David Shields (Healthy), Matthew Benning (Broken Right Thumb Injury)
Trevor Moore (Healthy), Scott Wilson (Healthy), Curtis Valk (Healthy), Anthony Louis (Healthy), Travis Boyd (Healthy)
Fredrik Claesson (Healthy), Mackenzie MacEachern (Healthy), Valentin Zykov (Healthy), Jayce Hawryluk (Healthy), Kevin Fiala (Healthy)
A.J. Jenks (Healthy), Ryan Collins (Healthy), William Lagesson (Healthy), Eamon McAdam (Healthy), Philippe Desrosiers (Healthy)
Ville Husso (Healthy)
% Time on Ice - Harfangs
Lines # - Real PCT - Wanted PCT - Time Play
Normal Forward
1 - 33% - 40% - 15:38
2 - 24% - 30% - 11:28
3 - 21% - 20% - 10:08
4 - 21% - 10% - 9:58
Normal Defense
1 - 31% - 40% - 14:49
2 - 35% - 30% - 16:44
3 - 30% - 20% - 13:58
4 - 4% - 10% - 1:41
PP Forward
1 - 57% - 60% - 4:34
2 - 43% - 40% - 3:25
PP Defense
1 - 68% - 60% - 5:24
2 - 32% - 40% - 2:35
PK Forward
1 - 82% - 60% - 3:18
2 - 18% - 40% - 0:44
PK Defense
1 - 77% - 60% - 3:06
2 - 23% - 40% - 0:56
PK3 Forward
1 - 0% - 60%
2 - 0% - 40%
PK3 Defense
1 - 0% - 60%
2 - 0% - 40%
44 Forward
1 - 0% - 60%
2 - 0% - 40%
44 Defense
1 - 0% - 60%
2 - 0% - 40%
Last Minute Offensive - 0:47
Last Minute Defensive - 0:00
Total
Forward - 60:00
Defense - 60:00
|
% Time on Ice - Knights
Lines # - Real PCT - Wanted PCT - Time Play
Normal Forward
1 - 31% - 40% - 14:24
2 - 27% - 30% - 12:42
3 - 24% - 20% - 11:07
4 - 19% - 10% - 8:58
Normal Defense
1 - 38% - 40% - 18:08
2 - 32% - 30% - 15:17
3 - 22% - 18% - 10:27
4 - 7% - 12% - 3:19
PP Forward
1 - 53% - 60% - 2:08
2 - 47% - 40% - 1:54
PP Defense
1 - 49% - 60% - 1:58
2 - 51% - 40% - 2:04
PK Forward
1 - 78% - 60% - 6:13
2 - 22% - 40% - 1:46
PK Defense
1 - 58% - 60% - 4:39
2 - 42% - 40% - 3:20
PK3 Forward
1 - 0% - 60%
2 - 0% - 40%
PK3 Defense
1 - 0% - 60%
2 - 0% - 40%
44 Forward
1 - 0% - 60%
2 - 0% - 40%
44 Defense
1 - 0% - 60%
2 - 0% - 40%
Last Minute Offensive - 0:00
Last Minute Defensive - 0:48
Total
Forward - 60:00
Defense - 60:00
|
Play-by-Play
1st period
0:01 of 1st period - Noel Acciari wins face-off versus Tyler Brenner in neutral zone.
0:28 of 1st period - Brandon McMillan is hit by Jordan Martinook.
0:38 of 1st period - Wrist shot by Josh Bailey.
0:38 of 1st period - Stopped by Anton Forsberg without a rebound.
0:39 of 1st period - Brendan Gaunce wins face-off versus Nick Shore in Harfangs zone.
0:46 of 1st period - Snap shot by Linden Vey.
0:46 of 1st period - Deflect By Brendan Gaunce.
0:46 of 1st period - Shot Misses the Net.
0:46 of 1st period - Puck is out of play.
0:47 of 1st period - Brendan Gaunce wins face-off versus Nick Shore in Harfangs zone.
0:52 of 1st period - Snap shot by Linden Vey.
0:52 of 1st period - Shot Misses the Net.
1:14 of 1st period - Mark Alt is hit by Vince Hinostroza and loses puck.
2:02 of 1st period - Snap shot by Dwight King.
2:02 of 1st period - Shot Misses the Net.
2:04 of 1st period - Snap shot by Dwight King.
2:04 of 1st period - Shot Blocked by Calle Jarnkrok.
2:18 of 1st period - Slapshot by Brendan Gaunce.
2:18 of 1st period - Stopped by Anton Forsberg with a rebound.
2:24 of 1st period - Slapshot by Linden Vey.
2:24 of 1st period - Shot Blocked by Dylan Olsen.
3:15 of 1st period - Nick Sorensen is hit by Ryan Strome and loses puck.
3:44 of 1st period - Lucas Wallmarkk is hit by Michael Matheson and loses puck.
4:00 of 1st period - Morgan Klimchuk is hit by Josh Bailey and loses puck.
4:05 of 1st period - Slapshot by Josh Bailey.
4:05 of 1st period - Stopped by Anton Forsberg with a rebound.
4:37 of 1st period - Michael Bournival is hit by Collin Miller.
4:57 of 1st period - Slapshot by Brendan Gaunce.
4:57 of 1st period - Shot Misses the Net.
4:59 of 1st period - Slapshot by Michael Matheson.
4:59 of 1st period - Shot Blocked by Brandon McMillan.
5:13 of 1st period - Wrist shot by Sven Andrighetto.
5:13 of 1st period - Shot Blocked by Ludwig Bystrom.
5:40 of 1st period - Snap shot by Dwight King.
5:40 of 1st period - Goal by Dwight King - Harfangs : 0 - Knights : 1.
5:41 of 1st period - Tyler Randell wins face-off versus Noel Acciari in neutral zone.
5:50 of 1st period - Snap shot by Michael Bournival.
5:50 of 1st period - Stopped by Elvis Merzlikins with a rebound.
5:52 of 1st period - Slapshot by Tyler Brenner.
5:52 of 1st period - Shot Blocked by Tomas Kundratek.
5:54 of 1st period - Snap shot by Dylan Olsen.
5:54 of 1st period - Shot Misses the Net.
6:06 of 1st period - Ryan Hartman is hit by Jordan Martinook and loses puck.
6:37 of 1st period - Jaccob Slavin is hit by Brandon McMillan.
7:16 of 1st period - Icing by Noel Acciari.
7:17 of 1st period - Ryan Strome wins face-off versus Tyler Brenner in Knights zone.
7:17 of 1st period - Ryan Strome is hit by Michael Bournival.
7:29 of 1st period - Snap shot by Tyler Brenner.
7:29 of 1st period - Deflect By Tyler Randell.
7:29 of 1st period - Shot Misses the Net.
7:29 of 1st period - Puck is out of play.
7:30 of 1st period - Tyler Brenner wins face-off versus Noel Acciari in Knights zone.
7:43 of 1st period - Blake Heinrich is hit by Ryan Strome and loses puck.
8:01 of 1st period - Snap shot by Michael Bournival.
8:01 of 1st period - Stopped by Elvis Merzlikins with a rebound.
8:19 of 1st period - Wrist shot by Nathan Walker.
8:19 of 1st period - Stopped by Anton Forsberg with a rebound.
8:53 of 1st period - Slapshot by Calle Jarnkrok.
8:53 of 1st period - Stopped by Elvis Merzlikins with a rebound.
9:07 of 1st period - Ryan Strome is hit by Blake Heinrich and loses puck.
10:43 of 1st period - Dylan Olsen is hit by Jordan Martinook.
11:33 of 1st period - Snap shot by Miro Aaltonen.
11:33 of 1st period - Stopped by Anton Forsberg with a rebound.
11:35 of 1st period - Wrist shot by Jaccob Slavin.
11:35 of 1st period - Stopped by Anton Forsberg without a rebound.
11:36 of 1st period - Calle Jarnkrok wins face-off versus Miro Aaltonen in Harfangs zone.
11:41 of 1st period - Jaccob Slavin is hit by Ryan Hartman and loses puck.
11:50 of 1st period - Wrist shot by Brandon McMillan.
11:50 of 1st period - Deflect By Ryan Hartman.
11:50 of 1st period - Shot Misses the Net.
11:50 of 1st period - Puck is out of play.
11:51 of 1st period - Noel Acciari wins face-off versus Tyler Randell in Knights zone.
12:00 of 1st period - Wrist shot by Dwight King.
12:00 of 1st period - Shot Blocked by Tyler Randell.
12:02 of 1st period - Slapshot by Ryan Strome.
12:02 of 1st period - Shot Blocked by Mark Alt.
12:43 of 1st period - Nick Sorensen is hit by Miro Aaltonen and loses puck.
13:04 of 1st period - Blake Heinrich is hit by Jordan Martinook and loses puck.
13:05 of 1st period - Blake Heinrich from Harfangs is injured at 13:05 of 1st period (Sprained Right Knee).
13:06 of 1st period - Noel Acciari wins face-off versus Tyler Brenner in Harfangs zone.
13:21 of 1st period - Slapshot by Dwight King.
13:21 of 1st period - Stopped by Anton Forsberg without a rebound.
13:22 of 1st period - Calle Jarnkrok wins face-off versus Miro Aaltonen in Harfangs zone.
13:22 of 1st period - Calle Jarnkrok is hit by Jordan Martinook.
13:35 of 1st period - Snap shot by Calle Jarnkrok.
13:35 of 1st period - Stopped by Elvis Merzlikins with a rebound.
13:43 of 1st period - Minor Penalty to Jordan Martinook for Holding.
13:44 of 1st period - Dwight King wins face-off versus Tyler Brenner in Knights zone.
13:55 of 1st period - Snap shot by Dwight King.
13:55 of 1st period - Deflect By Michael Bournival.
13:55 of 1st period - Stopped by Anton Forsberg without a rebound.
13:56 of 1st period - Dwight King wins face-off versus Tyler Brenner in Harfangs zone.
14:01 of 1st period - Wrist shot by Dwight King.
14:01 of 1st period - Stopped by Anton Forsberg with a rebound.
14:09 of 1st period - Snap shot by Tyler Brenner.
14:09 of 1st period - Shot Misses the Net.
14:11 of 1st period - Slapshot by Dylan Olsen.
14:11 of 1st period - Deflect By Tyler Randell.
14:11 of 1st period - Shot Misses the Net.
14:11 of 1st period - Puck is out of play.
14:12 of 1st period - Dwight King wins face-off versus Tyler Brenner in Knights zone.
15:43 of 1st period - Penalty to Jordan Martinook is over, Jordan Martinook is back on ice.
16:01 of 1st period - Wrist shot by Dwight King.
16:01 of 1st period - Shot Misses the Net.
16:03 of 1st period - Wrist shot by Jaccob Slavin.
16:03 of 1st period - Stopped by Anton Forsberg with a rebound.
16:05 of 1st period - Wrist shot by Jordan Martinook.
16:05 of 1st period - Deflect By Josh Bailey.
16:05 of 1st period - Shot Misses the Net.
16:05 of 1st period - Puck is out of play.
16:06 of 1st period - Nick Shore wins face-off versus Nicolas Petan in Harfangs zone.
16:17 of 1st period - Jake Dotchin is hit by Olli Maatta and loses puck.
16:52 of 1st period - Snap shot by Miro Aaltonen.
16:52 of 1st period - Shot Misses the Net.
17:06 of 1st period - Wrist shot by Michael Bournival.
17:06 of 1st period - Stopped by Elvis Merzlikins with a rebound.
17:10 of 1st period - Snap shot by Michael Bournival.
17:10 of 1st period - Stopped by Elvis Merzlikins with a rebound.
17:26 of 1st period - Brandon McMillan is hit by Vince Hinostroza.
17:50 of 1st period - Linden Vey is hit by Sven Andrighetto and loses puck.
18:15 of 1st period - Dylan Olsen is hit by Jordan Martinook and loses puck.
19:09 of 1st period - Wrist shot by Nathan Walker.
19:09 of 1st period - Shot Misses the Net.
19:11 of 1st period - Snap shot by Nathan Walker.
19:11 of 1st period - Stopped by Anton Forsberg without a rebound.
19:12 of 1st period - Calle Jarnkrok wins face-off versus Nicolas Petan in Harfangs zone.
19:27 of 1st period - Wrist shot by Brandon McMillan.
19:27 of 1st period - Shot Misses the Net.
19:42 of 1st period - Slapshot by Nathan Walker.
19:42 of 1st period - Stopped by Anton Forsberg with a rebound.
Goals for this period are 0 for Harfangs vs 1 for Knights.
Shots for this period are 6 for Harfangs vs 13 for Knights.
2nd period
0:01 of 2nd period - Tyler Brenner wins face-off versus Noel Acciari in neutral zone.
0:11 of 2nd period - Minor Penalty to Michael Bournival for Boarding.
0:12 of 2nd period - Tyler Randell wins face-off versus Noel Acciari in Harfangs zone.
0:28 of 2nd period - Snap shot by Noel Acciari.
0:28 of 2nd period - Shot Misses the Net.
1:38 of 2nd period - Erik Nystrom is hit by Josh Bailey.
2:11 of 2nd period - Penalty to Michael Bournival is over, Michael Bournival is back on ice.
2:20 of 2nd period - Off-side.
2:21 of 2nd period - Nathan Walker wins face-off versus Tyler Brenner in neutral zone.
2:32 of 2nd period - Slapshot by Nathan Walker.
2:32 of 2nd period - Shot Blocked by Devon Teows.
2:54 of 2nd period - Snap shot by Ryan Hartman.
2:54 of 2nd period - Stopped by Elvis Merzlikins with a rebound.
2:56 of 2nd period - Snap shot by Brandon McMillan.
2:56 of 2nd period - Stopped by Elvis Merzlikins without a rebound.
2:57 of 2nd period - Morgan Klimchuk wins face-off versus Miro Aaltonen in Knights zone.
2:57 of 2nd period - Morgan Klimchuk is hit by Michael Matheson.
3:52 of 2nd period - Ryan Strome is hit by Ryan Hartman and loses puck.
4:29 of 2nd period - Devon Teows is hit by Tomas Kundratek and loses puck.
4:41 of 2nd period - Icing by Lucas Wallmarkk.
4:42 of 2nd period - Brendan Gaunce wins face-off versus Sven Andrighetto in Harfangs zone.
5:09 of 2nd period - Michael Bournival is hit by Olli Maatta and loses puck.
5:30 of 2nd period - Noel Acciari is hit by Reid McNeill.
5:42 of 2nd period - Wrist shot by Dwight King.
5:42 of 2nd period - Stopped by Anton Forsberg without a rebound.
5:43 of 2nd period - Miro Aaltonen wins face-off versus Tyler Brenner in Harfangs zone.
5:46 of 2nd period - Backhand shot by Jordan Martinook.
5:46 of 2nd period - Stopped by Anton Forsberg with a rebound.
5:54 of 2nd period - Snap shot by Tyler Randell.
5:54 of 2nd period - Deflect By Michael Bournival.
5:54 of 2nd period - Shot Blocked by Miro Aaltonen.
5:54 of 2nd period - Puck is out of play.
5:55 of 2nd period - Miro Aaltonen wins face-off versus Tyler Brenner in Knights zone.
5:55 of 2nd period - Miro Aaltonen is hit by Jake Dotchin.
6:42 of 2nd period - Calle Jarnkrok is hit by Nathan Walker and loses puck.
6:47 of 2nd period - Snap shot by Nathan Walker.
6:47 of 2nd period - Shot Misses the Net.
6:55 of 2nd period - Slapshot by Vince Hinostroza.
6:55 of 2nd period - Stopped by Anton Forsberg with a rebound.
7:13 of 2nd period - Snap shot by Jaccob Slavin.
7:13 of 2nd period - Stopped by Anton Forsberg with a rebound.
7:33 of 2nd period - Snap shot by Michael Matheson.
7:33 of 2nd period - Shot Misses the Net.
7:35 of 2nd period - Snap shot by Michael Matheson.
7:35 of 2nd period - Shot Misses the Net.
7:41 of 2nd period - Snap shot by Ryan Strome.
7:41 of 2nd period - Stopped by Anton Forsberg with a rebound.
7:43 of 2nd period - Wrist shot by Ryan Strome.
7:43 of 2nd period - Deflect By Dwight King.
7:43 of 2nd period - Shot Hit the Post.
7:43 of 2nd period - Puck is out of play.
7:44 of 2nd period - Lucas Wallmarkk wins face-off versus Miro Aaltonen in Harfangs zone.
8:06 of 2nd period - Minor Penalty to Dylan Olsen for Hooking.
8:07 of 2nd period - Noel Acciari wins face-off versus Tyler Randell in Harfangs zone.
8:36 of 2nd period - Dwight King is hit by Jake Dotchin and loses puck.
9:04 of 2nd period - Snap shot by Dwight King.
9:04 of 2nd period - Deflect By Ryan Strome.
9:04 of 2nd period - Shot Misses the Net.
9:04 of 2nd period - Puck is out of play.
9:05 of 2nd period - Tyler Randell wins face-off versus Noel Acciari in Harfangs zone.
9:23 of 2nd period - Tomas Kundratek is hit by Calle Jarnkrok.
9:47 of 2nd period - Tomas Kundratek is hit by Tyler Randell and loses puck.
10:06 of 2nd period - Penalty to Dylan Olsen is over, Dylan Olsen is back on ice.
10:23 of 2nd period - Snap shot by Jake Dotchin.
10:23 of 2nd period - Stopped by Elvis Merzlikins without a rebound.
10:24 of 2nd period - Calle Jarnkrok wins face-off versus Miro Aaltonen in Knights zone.
10:25 of 2nd period - Snap shot by Brandon McMillan.
10:25 of 2nd period - Shot Misses the Net.
10:28 of 2nd period - Icing by Josh Bailey.
10:29 of 2nd period - Miro Aaltonen wins face-off versus Calle Jarnkrok in Knights zone.
10:29 of 2nd period - Miro Aaltonen is hit by Brandon McMillan.
10:53 of 2nd period - Ryan Strome is hit by Sven Andrighetto and loses puck.
11:16 of 2nd period - Slapshot by Lucas Wallmarkk.
11:16 of 2nd period - Shot Misses the Net.
11:18 of 2nd period - Snap shot by Mark Alt.
11:18 of 2nd period - Deflect By Lucas Wallmarkk.
11:18 of 2nd period - Stopped by Elvis Merzlikins with a rebound.
13:06 of 2nd period - Ryan Strome is hit by Dylan Olsen and loses puck.
13:22 of 2nd period - Jordan Martinook is hit by Mark Alt and loses puck.
13:57 of 2nd period - Slapshot by Tyler Randell.
13:57 of 2nd period - Stopped by Elvis Merzlikins without a rebound.
13:58 of 2nd period - Tyler Brenner wins face-off versus Noel Acciari in Knights zone.
14:08 of 2nd period - Minor Penalty to Ryan Strome for Hooking.
14:09 of 2nd period - Jordan Martinook wins face-off versus Michael Bournival in Knights zone.
14:40 of 2nd period - Slapshot by Dylan Olsen.
14:40 of 2nd period - Stopped by Elvis Merzlikins with a rebound.
16:08 of 2nd period - Penalty to Ryan Strome is over, Ryan Strome is back on ice.
16:38 of 2nd period - Lucas Wallmarkk is hit by Collin Miller and loses puck.
16:49 of 2nd period - Snap shot by Nick Shore.
16:49 of 2nd period - Shot Misses the Net.
16:51 of 2nd period - Slapshot by Jake Dotchin.
16:51 of 2nd period - Stopped by Elvis Merzlikins with a rebound.
16:53 of 2nd period - Slapshot by Mark Alt.
16:53 of 2nd period - Shot Blocked by Tomas Kundratek.
16:57 of 2nd period - Snap shot by Erik Nystrom.
16:57 of 2nd period - Stopped by Elvis Merzlikins without a rebound.
16:58 of 2nd period - Nick Shore wins face-off versus Miro Aaltonen in Knights zone.
17:10 of 2nd period - Jaccob Slavin is hit by Devon Teows and loses puck.
17:51 of 2nd period - Snap shot by Morgan Klimchuk.
17:51 of 2nd period - Shot Blocked by Linden Vey.
17:53 of 2nd period - Slapshot by Dylan Olsen.
17:53 of 2nd period - Shot Blocked by Tomas Kundratek.
17:56 of 2nd period - Icing by Brendan Gaunce.
17:57 of 2nd period - Tyler Brenner wins face-off versus Brendan Gaunce in Knights zone.
18:06 of 2nd period - Snap shot by Brendan Gaunce.
18:06 of 2nd period - Stopped by Anton Forsberg with a rebound.
19:16 of 2nd period - Snap shot by Brendan Gaunce.
19:16 of 2nd period - Deflect By Nikolaj Ehlers.
19:16 of 2nd period - Goal by Nikolaj Ehlers - Harfangs : 0 - Knights : 2.
19:17 of 2nd period - Calle Jarnkrok wins face-off versus Noel Acciari in neutral zone.
19:40 of 2nd period - Minor Penalty to Reid McNeill for Tripping.
19:41 of 2nd period - Noel Acciari wins face-off versus Tyler Randell in Harfangs zone.
19:44 of 2nd period - Wrist shot by Noel Acciari.
19:44 of 2nd period - Deflect By Josh Bailey.
19:44 of 2nd period - Goal by Josh Bailey - Harfangs : 0 - Knights : 3.
19:45 of 2nd period - Tyler Randell wins face-off versus Noel Acciari in neutral zone.
19:52 of 2nd period - Backhand shot by Reid McNeill.
19:52 of 2nd period - Shot Blocked by Jaccob Slavin.
Goals for this period are 0 for Harfangs vs 2 for Knights.
Shots for this period are 8 for Harfangs vs 8 for Knights.
3rd period
0:01 of 3rd period - Tyler Brenner wins face-off versus Noel Acciari in neutral zone.
0:04 of 3rd period - Slapshot by Dylan Olsen.
0:04 of 3rd period - Stopped by Elvis Merzlikins with a rebound.
0:13 of 3rd period - Off-side.
0:14 of 3rd period - Noel Acciari wins face-off versus Calle Jarnkrok in neutral zone.
1:33 of 3rd period - Tomas Kundratek is hit by Jake Dotchin and loses puck.
2:30 of 3rd period - Nikolaj Ehlers is hit by Sven Andrighetto.
3:00 of 3rd period - Snap shot by Nathan Walker.
3:00 of 3rd period - Shot Misses the Net.
3:04 of 3rd period - Wrist shot by Nathan Walker.
3:04 of 3rd period - Shot Misses the Net.
3:06 of 3rd period - Wrist shot by Vince Hinostroza.
3:06 of 3rd period - Shot Blocked by Reid McNeill.
3:29 of 3rd period - Miro Aaltonen is hit by Tyler Brenner and loses puck.
3:47 of 3rd period - Calle Jarnkrok is hit by Dwight King and loses puck.
4:02 of 3rd period - Erik Nystrom is hit by Linden Vey and loses puck.
4:24 of 3rd period - Josh Bailey is hit by Tyler Randell and loses puck.
4:41 of 3rd period - Wrist shot by Nathan Walker.
4:41 of 3rd period - Shot Misses the Net.
5:01 of 3rd period - Wrist shot by Noel Acciari.
5:01 of 3rd period - Shot Blocked by Mark Alt.
5:03 of 3rd period - Snap shot by Dwight King.
5:03 of 3rd period - Stopped by Anton Forsberg without a rebound.
5:04 of 3rd period - Dwight King wins face-off versus Lucas Wallmarkk in Harfangs zone.
5:05 of 3rd period - Wrist shot by Noel Acciari.
5:05 of 3rd period - Stopped by Anton Forsberg with a rebound.
5:20 of 3rd period - Minor Penalty to Ludwig Bystrom for High sticking.
5:21 of 3rd period - Dwight King wins face-off versus Tyler Brenner in Knights zone.
5:30 of 3rd period - Michael Matheson is hit by Dylan Olsen and loses puck.
5:53 of 3rd period - Snap shot by Ryan Hartman.
5:53 of 3rd period - Shot Misses the Net.
5:55 of 3rd period - Wrist shot by Reid McNeill.
5:55 of 3rd period - Shot Blocked by Michael Matheson.
5:57 of 3rd period - Wrist shot by Ryan Hartman.
5:57 of 3rd period - Shot Misses the Net.
7:20 of 3rd period - Penalty to Ludwig Bystrom is over, Ludwig Bystrom is back on ice.
7:31 of 3rd period - Wrist shot by Nick Shore.
7:31 of 3rd period - Shot Misses the Net.
7:39 of 3rd period - Snap shot by Noel Acciari.
7:39 of 3rd period - Stopped by Anton Forsberg with a rebound.
7:41 of 3rd period - Snap shot by Tomas Kundratek.
7:41 of 3rd period - Shot Blocked by Erik Nystrom.
7:43 of 3rd period - Slapshot by Collin Miller.
7:43 of 3rd period - Shot Blocked by Erik Nystrom.
7:45 of 3rd period - Slapshot by Ludwig Bystrom.
7:45 of 3rd period - Shot Misses the Net.
7:47 of 3rd period - Wrist shot by Ludwig Bystrom.
7:47 of 3rd period - Stopped by Anton Forsberg with a rebound.
7:49 of 3rd period - Slapshot by Tomas Kundratek.
7:49 of 3rd period - Stopped by Anton Forsberg with a rebound.
7:51 of 3rd period - Slapshot by Ludwig Bystrom.
7:51 of 3rd period - Stopped by Anton Forsberg without a rebound.
7:52 of 3rd period - Miro Aaltonen wins face-off versus Lucas Wallmarkk in Harfangs zone.
7:55 of 3rd period - Snap shot by Josh Bailey.
7:55 of 3rd period - Stopped by Anton Forsberg without a rebound.
7:56 of 3rd period - Miro Aaltonen wins face-off versus Lucas Wallmarkk in Harfangs zone.
8:03 of 3rd period - Wrist shot by Josh Bailey.
8:03 of 3rd period - Shot Misses the Net.
8:29 of 3rd period - Slapshot by Jaccob Slavin.
8:29 of 3rd period - Stopped by Anton Forsberg with a rebound.
8:45 of 3rd period - Snap shot by Mark Alt.
8:45 of 3rd period - Shot Misses the Net.
8:47 of 3rd period - Slapshot by Jake Dotchin.
8:47 of 3rd period - Shot Blocked by Collin Miller.
8:49 of 3rd period - Wrist shot by Brandon McMillan.
8:49 of 3rd period - Deflect By Calle Jarnkrok.
8:49 of 3rd period - Shot Misses the Net.
8:49 of 3rd period - Puck is out of play.
8:50 of 3rd period - Noel Acciari wins face-off versus Tyler Randell in Knights zone.
9:14 of 3rd period - Collin Miller is hit by Ryan Hartman and loses puck.
9:19 of 3rd period - Wrist shot by Calle Jarnkrok.
9:19 of 3rd period - Shot Misses the Net.
9:21 of 3rd period - Wrist shot by Brandon McMillan.
9:21 of 3rd period - Shot Misses the Net.
9:23 of 3rd period - Slapshot by Brandon McMillan.
9:23 of 3rd period - Stopped by Elvis Merzlikins with a rebound.
9:25 of 3rd period - Slapshot by Dylan Olsen.
9:25 of 3rd period - Goal by Dylan Olsen - Harfangs : 1 - Knights : 3.
9:26 of 3rd period - Noel Acciari wins face-off versus Tyler Brenner in neutral zone.
9:31 of 3rd period - Jaccob Slavin is hit by Tyler Randell and loses puck.
9:38 of 3rd period - Reid McNeill is hit by Jaccob Slavin and loses puck.
9:51 of 3rd period - Calle Jarnkrok is hit by Miro Aaltonen and loses puck.
10:00 of 3rd period - Snap shot by Jordan Martinook.
10:00 of 3rd period - Stopped by Anton Forsberg with a rebound.
10:12 of 3rd period - Slapshot by Olli Maatta.
10:12 of 3rd period - Shot Misses the Net.
10:14 of 3rd period - Slapshot by Olli Maatta.
10:14 of 3rd period - Shot Blocked by Mark Alt.
10:18 of 3rd period - Backhand shot by Nathan Walker.
10:18 of 3rd period - Shot Blocked by Mark Alt.
10:20 of 3rd period - Slapshot by Vince Hinostroza.
10:20 of 3rd period - Shot Misses the Net.
10:22 of 3rd period - Snap shot by Collin Miller.
10:22 of 3rd period - Shot Misses the Net.
10:37 of 3rd period - Brendan Gaunce is hit by Mark Alt and loses puck.
11:00 of 3rd period - Ryan Strome is hit by Reid McNeill and loses puck.
11:36 of 3rd period - Wrist shot by Brandon McMillan.
11:36 of 3rd period - Deflect By Jaccob Slavin.
11:36 of 3rd period - Shot Misses the Net.
11:36 of 3rd period - Puck is out of play.
11:37 of 3rd period - Nicolas Petan wins face-off versus Calle Jarnkrok in Knights zone.
11:39 of 3rd period - Minor Penalty to Michael Matheson for Tripping.
11:40 of 3rd period - Dwight King wins face-off versus Tyler Brenner in Knights zone.
11:52 of 3rd period - Wrist shot by Dwight King.
11:52 of 3rd period - Stopped by Anton Forsberg with a rebound.
12:12 of 3rd period - Snap shot by Ryan Hartman.
12:12 of 3rd period - Stopped by Elvis Merzlikins without a rebound.
12:13 of 3rd period - Noel Acciari wins face-off versus Tyler Brenner in Knights zone.
13:39 of 3rd period - Penalty to Michael Matheson is over, Michael Matheson is back on ice.
14:17 of 3rd period - Snap shot by Dylan Olsen.
14:17 of 3rd period - Shot Misses the Net.
14:39 of 3rd period - Dwight King is hit by Dylan Olsen and loses puck.
14:52 of 3rd period - Jake Dotchin is hit by Jaccob Slavin and loses puck.
16:10 of 3rd period - Reid McNeill is hit by Michael Matheson and loses puck.
16:23 of 3rd period - Jordan Martinook is hit by Lucas Wallmarkk and loses puck.
16:34 of 3rd period - Icing by Dylan Olsen.
16:35 of 3rd period - Brendan Gaunce wins face-off versus Lucas Wallmarkk in Harfangs zone.
16:40 of 3rd period - Slapshot by Brendan Gaunce.
16:40 of 3rd period - Stopped by Anton Forsberg without a rebound.
16:41 of 3rd period - Nick Shore wins face-off versus Brendan Gaunce in Harfangs zone.
16:50 of 3rd period - Wrist shot by Jaccob Slavin.
16:50 of 3rd period - Shot Misses the Net.
16:54 of 3rd period - Slapshot by Brendan Gaunce.
16:54 of 3rd period - Stopped by Anton Forsberg without a rebound.
16:55 of 3rd period - Noel Acciari wins face-off versus Tyler Brenner in Harfangs zone.
17:04 of 3rd period - Snap shot by Michael Bournival.
17:04 of 3rd period - Stopped by Elvis Merzlikins without a rebound.
17:05 of 3rd period - Noel Acciari wins face-off versus Tyler Brenner in Knights zone.
17:22 of 3rd period - Snap shot by Noel Acciari.
17:22 of 3rd period - Shot Misses the Net.
17:30 of 3rd period - Snap shot by Dwight King.
17:30 of 3rd period - Shot Misses the Net.
17:32 of 3rd period - Slapshot by Tomas Kundratek.
17:32 of 3rd period - Shot Misses the Net.
17:34 of 3rd period - Wrist shot by Dwight King.
17:34 of 3rd period - Shot Blocked by Michael Bournival.
17:36 of 3rd period - Snap shot by Jaccob Slavin.
17:36 of 3rd period - Shot Blocked by Mark Alt.
17:59 of 3rd period - Minor Penalty to Ryan Strome for Hooking.
18:00 of 3rd period - Calle Jarnkrok wins face-off versus Dwight King in Knights zone.
18:02 of 3rd period - Snap shot by Ryan Hartman.
18:02 of 3rd period - Goal by Ryan Hartman - Harfangs : 2 - Knights : 3.
18:03 of 3rd period - Brendan Gaunce wins face-off versus Nick Shore in neutral zone.
18:28 of 3rd period - Tomas Kundratek is hit by Dylan Olsen and loses puck.
18:33 of 3rd period - Wrist shot by Michael Bournival.
18:33 of 3rd period - Shot Misses the Net.
18:35 of 3rd period - Snap shot by Tyler Brenner.
18:35 of 3rd period - Shot Misses the Net.
18:37 of 3rd period - Slapshot by Dylan Olsen.
18:37 of 3rd period - Shot Misses the Net.
18:45 of 3rd period - Harfangs, Anton Forsberg is pulled from the net.
19:07 of 3rd period - Michael Matheson is hit by Tyler Randell and loses puck.
19:18 of 3rd period - Snap shot by Tyler Brenner.
19:18 of 3rd period - Shot Misses the Net.
19:48 of 3rd period - Snap shot by Vince Hinostroza.
19:48 of 3rd period - Goal by Vince Hinostroza - Harfangs : 2 - Knights : 4.
19:48 of 3rd period - Anton Forsberg from Harfangs was sent back in the game.
19:49 of 3rd period - Brendan Gaunce wins face-off versus Tyler Brenner in neutral zone.
Goals for this period are 2 for Harfangs vs 1 for Knights.
Shots for this period are 6 for Harfangs vs 13 for Knights.
Back to the Top